 Dungeon Crawl Stone Soup version 0.20.1-1-g8b1a95d (webtiles) character file.

56 dvd the Firebug (level 3, -2/19 HPs)
             Began as a Deep Elf Fire Elementalist on Sept 21, 2017.
             Slain by Sigmund
             ... wielding a +0 scythe
              (10 damage)
             ... on level 2 of the Dungeon.
             The game lasted 00:02:27 (1147 turns).

dvd the Firebug (Deep Elf Fire Elementalist)        Turns: 1147, Time: 00:02:28

Health: -2/19      AC:  4    Str:  5    XL:     3   Next: 69%
Magic:  1/10       EV: 13    Int: 20    God:
Gold:   68         SH:  0    Dex: 15    Spells: 6/9 levels left

rFire    . . .     SeeInvis .   i - +0 short sword
rCold    . . .     Gourm    .   (no shield)
rNeg     . . .     Faith    .   a - +0 robe
rPois    .         Spirit   .   (no helmet)
rElec    .         Reflect  .   h - +0 cloak
rCorr    .         Harm     .   e - +0 pair of gloves
MR       .....                  (no boots)
Stlth    ++........             (no amulet)
Regen    0.1/turn               (no ring)
MPRegen  0.2/turn               (no ring)

@: very slightly contaminated
A: no striking features
a: no special abilities


You were on level 2 of the Dungeon.
You were not hungry.

You visited 1 branch of the dungeon, and saw 2 of its levels.

You collected 68 gold pieces.

Inventory:

Hand Weapons
 i - a +0 short sword (weapon)
Armour
 a - a +0 robe (worn)
 e - a +0 pair of gloves (worn)
 h - a +0 cloak (worn)
Wands
 n - a wand of random effects (20/48)
Scrolls
 f - 2 scrolls of magic mapping {unknown}
 g - 2 scrolls of remove curse {unknown}
 k - a scroll of fog {unknown}
 o - a scroll of teleportation {unknown}
 p - a scroll of amnesia {unknown}
Potions
 d - a potion of lignification {unknown}
 j - a potion of agility {unknown}
 l - a potion of haste {unknown}
Books
 b - a book of Flames

   Spells                             Type                      Level
   a - Flame Tongue                   Conjuration/Fire             1
   b - Throw Flame                    Conjuration/Fire             2
   c - Conjure Flame                  Conjuration/Fire             3
   d - Inner Flame                    Hexes/Fire                   3
   e - Sticky Flame                   Conjuration/Fire             4
   f - Fireball                       Conjuration/Fire             5
Comestibles
 c - 2 bread rations
 m - 5 chunks of flesh


   Skills:
 + Level 2.7 Dodging
 + Level 2.7 Stealth
 + Level 3.8 Spellcasting
 + Level 1.2 Conjurations
 + Level 4.4 Fire Magic


You had 6 spell levels left.
You knew the following spells:

 Your Spells              Type           Power        Failure   Level  Hunger
a - Flame Tongue          Conj/Fire      ###..        4%          1    None
b - Throw Flame           Conj/Fire      ###...       6%          2    ##.....


Dungeon Overview and Level Annotations

Branches:
Dungeon (2/15)

Altars:

Annotations:
D:2 Sigmund


Message History

Casting: Flame Tongue
Confirm with . or Enter, or press ? or * to list all spells.
Aiming: Flame Tongue
Press: ? - help, Shift-Dir - straight line Unknown command.
Casting: Flame Tongue
Confirm with . or Enter, or press ? or * to list all spells.
You don't know that spell.
Something hits you!
You hit something but do no damage.
Unknown command.
Casting: Flame Tongue
Confirm with . or Enter, or press ? or * to list all spells.
Aiming: Flame Tongue
Press: ? - help, Shift-Dir - straight line You miscast Flame Tongue.
You are very lightly contaminated with residual magic.
Wisps of smoke drift from your hands. Something hits you!
Ouch! That really hurt!
You die...

###'#######
##.. #.# #
#.# #.# #.#
#.# #.#
##.###.#
#..@...#
########


There were no monsters in sight!

Vanquished Creatures
  Jessica (D:2)
  A worm (D:2)
  A dart slug (D:1)
  A giant cockroach (D:1)
  8 goblins
  2 hobgoblins (D:2)
  4 jackals (D:1)
  A bat (D:1)
  A frilled lizard (D:1)
  2 kobolds
  2 rats
24 creatures vanquished.

Notes
Turn   | Place    | Note
-------+----------+-------------------------------------------
     0 | D:1      | dvd the Deep Elf Fire Elementalist began the quest for the Orb.
     0 | D:1      | Reached XP level 1. HP: 10/10 MP: 6/6
   211 | D:1      | Reached XP level 2. HP: 15/15 MP: 4/8
   349 | D:1      | Learned a level 2 spell: Throw Flame
   773 | D:2      | Reached skill level 4 in Fire Magic
   861 | D:2      | Noticed Jessica
   865 | D:2      | Killed Jessica
   865 | D:2      | Reached XP level 3. HP: 19/19 MP: 3/10
  1138 | D:2      | Noticed Sigmund
  1147 | D:2      | Slain by Sigmund

Skill      XL: |  1  2 |
---------------+-------+-----
Fire Magic     | 4 |  4.4
Dodging        | |  2.7
Stealth        | |  2.7
Spellcasting   | |  3.8
Conjurations   | |  1.2

Action                   || total
-------------------------++-------
Melee: Short sword       ||     1
 Cast: Flame Tongue      ||    33
       Throw Flame       ||    15
  Eat: Chunk             ||     1
Armor: Robe              ||     3
Dodge: Dodged            ||     2
